 Dungeon Crawl Stone Soup version 0.23.2-1-ga50397a (webtiles) character file.

Game seed: 11551529796964246571

518 MalarOregon the Ruffian (level 7, -1/60 HPs)
             Began as a Ghoul Gladiator on June 1, 2019.
             Slain by a sky beast (5 damage)
             ... on level 5 of the Dungeon.
             The game lasted 00:07:24 (4130 turns).

MalarOregon the Ruffian (Ghoul Gladiator)           Turns: 4130, Time: 00:07:24

Health: -1/60      AC:  5    Str: 18    XL:     7   Next: 21%
Magic:  6/6        EV: 12    Int:  5    God:
Gold:   140        SH:  0    Dex: 10    Spells: 6/6 levels left

rFire    . . .     SeeInvis .     - Unarmed
rCold    + . .     Gourm    .   (no shield)
rNeg     + + +     Faith    .   a - +0 leather armour
rPois    ∞         Spirit   .   b - +1 helmet
rElec    .         Reflect  .   (no cloak)
rCorr    .         Harm     .   (no gloves)
MR       .....                  (no boots)
Stlth    ++........             o - amulet of magic regeneration
HPRegen  0.00/turn              (no ring)
MPRegen  0.35/turn              (no ring)

@: rotting
A: rotting body, claws 1, carnivore, cold resistance 1, negative energy
resistance 3, inhibited regeneration, torment resistance, unbreathing
a: no special abilities


You were on level 5 of the Dungeon.
You were not hungry.

You visited 1 branch of the dungeon, and saw 5 of its levels.

You collected 140 gold pieces.

Inventory:

Missiles
 c - 5 throwing nets (quivered) {!f}
Armour
 a - a +0 leather armour (worn)
 b - a +1 helmet (worn)
Jewellery
 h - an uncursed ring of poison resistance {unknown}
   (You found it on level 4 of the Dungeon)
 o - an amulet of magic regeneration (around neck)
   (You found it on level 2 of the Dungeon)
 p - a cursed ring of attention {unknown}
   (You found it on level 2 of the Dungeon)
Scrolls
 f - a scroll of magic mapping {unknown}
 g - a scroll of remove curse {unknown}
 t - 2 scrolls of teleportation {@r4}
Potions
 l - a potion of haste {@q3}
 q - 2 potions of heal wounds {unknown}
 s - a potion of lignification {unknown}
 v - a potion of agility
 w - 2 potions of brilliance
Comestibles
 d - 6 chunks of flesh
 e - 5 rations {!d}


   Skills:
 + Level 4.5 Fighting
 - Level 1.7 Throwing
 - Level 2.6 Dodging
 + Level 4.1 Stealth
 * Level 6.6 Unarmed Combat


You had 6 spell levels left.
You didn't know any spells.
Your spell library was empty.

Dungeon Overview and Level Annotations

Branches:
Dungeon (5/15)             Temple (0/1) D:5

Altars:
Ashenzari
Elyvilon
Fedhas
Ru
Xom
Zin
The Shining One

Annotations:
D:5 Blork the orc, Grinder, Menkaure


Innate Abilities, Weirdness & Mutations

Your body is rotting away.
You thrive on raw meat.
You are immune to poison.
You have sharp fingernails.
You are carnivorous and can eat meat at any time.
Your flesh is cold resistant. (rC+)
You are immune to negative energy. (rN+++)
You do not regenerate when monsters are visible.
You are immune to unholy pain and torment.
You can survive without breathing.


Message History

You now have 140 gold pieces (gained 10).
A sky beast, an orc and Grinder come into view.
The orc shouts!
Found a red potion.
You see here 18 stones.
The sky beast flickers out of sight!
Deactivating autopickup; reactivate with Ctrl-A.
You claw the orc!
You kill the orc!
No target in view!
You hear a distant slurping noise.
A sky beast appears from thin air!
Reactivating autopickup.
You scratch the sky beast. The sky beast hits you. The sky beast shocks you.
Unknown command.
You barely miss the sky beast.
You claw the sky beast, but do no damage.
The sky beast hits you. The sky beast shocks you.
* * * LOW HITPOINT WARNING * * *
You scratch the sky beast. You closely miss the sky beast.
The sky beast hits you.
* * * LOW HITPOINT WARNING * * *
The sky beast shocks you.
* * * LOW HITPOINT WARNING * * *
You scratch the sky beast. The sky beast closely misses you.
You claw the sky beast! The sky beast completely misses you.
You closely miss the sky beast. The sky beast closely misses you.
You barely miss the sky beast.
The sky beast flickers out of sight!
Deactivating autopickup; reactivate with Ctrl-A.
Something hits you.
* * * LOW HITPOINT WARNING * * *
Something shocks you.
* * * LOW HITPOINT WARNING * * *
You closely miss something. Something barely misses you.
Unknown command.
You miss something. Something hits you.
* * * LOW HITPOINT WARNING * * *
Something shocks you.
* * * LOW HITPOINT WARNING * * *
You closely miss something.
Unknown command.
You see here a flail.
You hear the brisk rusting of a distant drain.
A sky beast appears from thin air!
Reactivating autopickup.
You closely miss the sky beast. The sky beast hits you.
* * * LOW HITPOINT WARNING * * *
The sky beast shocks you.
You die...

.# .# ... .. ... ## #.# #.# #.#
#.#
####################.############
................@Y........)......
####################...##########
###.# #.# #.# #.# #.# ####.#
#<.{.#


You could see a sky beast.

Vanquished Creatures
  A sky beast (D:4)
  A phantom (D:4)
  A howler monkey (D:5)
  A crimson imp (D:5)
  2 orc wizards (D:3)
  A bullfrog skeleton (D:4)
  4 gnolls (D:5)
  4 adders
  A shadow imp (D:5)
  An ooze (D:1)
  An adder skeleton (D:5)
  A worm (D:4)
  2 dart slugs (D:1)
  2 leopard geckos
  4 orcs
  10 bats
  4 giant cockroaches
  9 goblins
  5 hobgoblins
  6 jackals
  6 kobolds
  2 quokkas
  2 ball pythons
  4 frilled lizards
  7 rats
82 creatures vanquished.

Notes
Turn   | Place    | Note
-------+----------+-------------------------------------------
     0 | D:1      | MalarOregon the Ghoul Gladiator began the quest for the
                  | Orb.
     0 | D:1      | Reached XP level 1. HP: 17/17 MP: 0/0
    55 | D:1      | Reached XP level 2. HP: 19/25 MP: 1/1
   119 | D:1      | Reached skill level 1 in Stealth
   368 | D:1      | Reached XP level 3. HP: 28/30 MP: 2/2
   387 | D:1      | Reached skill level 4 in Unarmed Combat
   607 | D:2      | Found a faded altar of an unknown god.
   723 | D:2      | Reached XP level 4. HP: 26/37 MP: 3/3
   782 | D:2      | Found a shattered altar of Ashenzari.
  1033 | D:2      | Found a glowing silver altar of Zin.
  1033 | D:2      | Found a glowing golden altar of the Shining One.
  1033 | D:2      | Found a white marble altar of Elyvilon.
  1720 | D:3      | Found a shimmering altar of Xom.
  1720 | D:3      | Found a shimmering altar of Xom.
  1741 | D:3      | Found a shimmering altar of Xom.
  1958 | D:3      | Found a shimmering altar of Xom.
  2142 | D:3      | Reached skill level 5 in Unarmed Combat
  2142 | D:3      | Reached XP level 5. HP: 23/44 MP: 4/4
  2646 | D:4      | Noticed a phantom
  2734 | D:4      | Killed a phantom
  2734 | D:4      | Reached XP level 6. HP: 21/50 MP: 5/5
  3129 | D:4      | Found a sacrificial altar of Ru.
  3156 | D:4      | Found a blossoming altar of Fedhas.
  3684 | D:5      | Entered Level 5 of the Dungeon
  3691 | D:5      | Noticed Blork the orc
  3702 | D:5      | Noticed a sky beast
  3707 | D:5      | Noticed Menkaure
  3799 | D:4      | Killed a sky beast
  3799 | D:4      | Reached skill level 6 in Unarmed Combat
  3951 | D:5      | Found a staircase to the Ecumenical Temple.
  3971 | D:5      | Reached XP level 7. HP: 25/60 MP: 6/6
  4093 | D:5      | Noticed Grinder
  4130 | D:5      | Slain by a sky beast

Skill      XL: |  1  2  3  4  5  6  7 |
---------------+----------------------+-----
Stealth        | 1 2 3 4 |  4.1
Unarmed Combat | 4 5 6 |  6.6
Fighting       | 3 4 |  4.5
Throwing       | |  1.7
Dodging        | |  2.6

Action                   |  1- 3 |  4- 6 |  7- 9 || total
-------------------------+-------+-------+-------++-------
Melee: Unarmed           |    91 |   169 |    51 ||   311
       Punch             |       |     1 |     3 ||     4
  Use: Scroll            |       |    10 |       ||    10
       Potion            |       |     4 |       ||     4
 Stab: Sleeping          |     2 |     2 |       ||     4
  Eat: Chunk             |     2 |    20 |     4 ||    26
       Ration            |     1 |     2 |       ||     3
Armor: Leather armour    |    20 |    36 |     9 ||    65
Dodge: Dodged            |    56 |    83 |    22 ||   161
